 Dungeon Crawl Stone Soup version 0.27.0-1-g7a089689b8 (webtiles) character file.

Game seed: 6315967905397757717

51 seveneves the Shield-Bearer (level 3, -5/33 HPs)
             Began as a Minotaur Fighter on Aug 3, 2021.
             Slain by Sigmund (10 damage)
             ... on level 2 of the Dungeon.
             The game lasted 00:03:17 (1227 turns).

seveneves the Shield-Bearer (Minotaur Fighter)      Turns: 1227, Time: 00:03:18

Health: -5/33      AC:  7    Str: 21    XL:     3   Next: 57%
Magic:  2/2        EV:  7    Int:  5    God:
Gold:   57         SH:  9    Dex:  9    Spells: 2/2 levels left

rFire    . . .     SeeInvis .   j - +3 dagger
rCold    + . .     Faith    .   c - +0 kite shield
rNeg     . . .     Spirit   .   b - +0 scale mail
rPois    .         Reflect  .   (helmet restricted)
rElec    .         Harm     .   (no cloak)
rCorr    .         Rampage  .   (no gloves)
Will     .....                  (no boots)
Stlth    ..........             (no amulet)
HPRegen  0.11/turn              g - ring of protection from cold
MPRegen  0.08/turn              (no ring)

@: no status effects
A: horns 2, retaliatory headbutt
a: no special abilities


You were on level 2 of the Dungeon.
You visited 1 branch of the dungeon, and saw 2 of its levels.

You collected 57 gold pieces.

Inventory:

Hand Weapons
 a - a +0 long sword
 j - a +3 dagger (weapon)
Armour
 b - a +0 scale mail (worn)
 c - a +0 kite shield (worn)
Jewellery
 g - a ring of protection from cold (left hand)
Scrolls
 e - a scroll of enchant armour {unknown}
 h - a scroll of enchant weapon {unknown}
Potions
 d - a potion of might
 f - a potion of curing {unknown}
 i - a potion of resistance {unknown}
 k - a potion of flight {unknown}
 l - a potion of mutation {unknown}


   Skills:
 + Level 4.2 Fighting
 + Level 0.1(1.4) Short Blades
 + Level 2.7 Long Blades
 + Level 4.2 Armour
 + Level 0.2 Dodging
 + Level 4.4 Shields


You had 2 spell levels left.
You didn't know any spells.
Your spell library was empty.

Dungeon Overview and Level Annotations

Branches:
Dungeon (2/15)

Altars:

Annotations:
D:2 Sigmund


Innate Abilities, Weirdness & Mutations

You have a pair of horns on your head.
You reflexively headbutt those who attack you in melee.


Message History

You barely miss the goblin.
The goblin is severely wounded.
The goblin hits you with a +0 dagger.
You barely miss the goblin. Your headbutt misses the goblin.
The goblin is severely wounded.
The goblin barely misses you.
You hit the goblin.
You kill the goblin!
Things that are here:
a +0 dagger; a goblin corpse
Found 12 stones.
You open the door.
There is an open door here.
Found a stone staircase leading up.
There is a stone staircase leading up here.
There is an open door, spattered with blood here.
There is an open door here.
You see here 13 poisoned darts.
There is an open door here.
You see here a +0 ring mail.
Found 16 sling bullets.
Sigmund the Dreaded comes into view.
He is wielding a +0 scythe.
Sigmund shouts!
Sigmund hits you from afar with a +0 scythe!
Sigmund hits you with a +0 scythe.
You completely miss Sigmund. You block Sigmund's attack.
You hit Sigmund.
Sigmund is lightly wounded.
Sigmund gestures at you while chanting. The puff of flame hits you.
You hit Sigmund.
Sigmund is lightly wounded.
Sigmund mumbles some strange words.
Sigmund flickers and vanishes!
Deactivating autopickup; reactivate with Ctrl-A.
You closely miss something. Something hits you!
* * * LOW HITPOINT WARNING * * *
Okay, then.
You miss something. Something hits you!
You die...

#####.# #.# ## ###
#.# #. ..# #.# #.
#.#########.# #.
#.#(......#.#
#.##.#.......#.#
#............#.##
#.@#.#.........<###
#.{#.#.............
#..#.#...........##
#....#....########
##.######## ... #.#
#.#


There were no monsters in sight!

Vanquished Creatures
  An adder (D:2)
  A worm (D:2)
  4 ball pythons (D:1)
  3 bats (D:1)
  5 endoplasms (D:1)
  A giant cockroach (D:1)
  4 goblins
  3 hobgoblins (D:1)
  4 jackals (D:2)
  A quokka (D:1)
  2 frilled lizards
  4 kobolds
  3 rats
36 creatures vanquished.

Notes
Turn   | Place    | Note
-------+----------+-------------------------------------------
     0 | D:1      | seveneves the Minotaur Fighter began the quest for the Orb.
     0 | D:1      | Reached XP level 1. HP: 19/19 MP: 0/0
   208 | D:1      | Reached XP level 2. HP: 25/27 MP: 1/1
   636 | D:2      | Reached XP level 3. HP: 33/33 MP: 2/2
   686 | D:2      | Found a faded altar of an unknown god.
  1221 | D:2      | Noticed Sigmund
  1227 | D:2      | Slain by Sigmund

Illustrated notes

Levels and vault maps discovered:
D:1:      matt_arrival_spirals, layout_basic
D:2:      layout_loops_corners, hellmonk_ecumenical_altar_pennies_from_heaven,
          grunt_decor_resistance, uniq_sigmund, uniq_crazy_yiuf_cottage

Skill      XL: |  1  2 |
---------------+-------+-----
Fighting       | 4 |  4.2
Shields        | 4 |  4.4
Armour         | 4 |  4.2
Short Blades   | |  0.1
Long Blades    | |  2.7
Dodging        | |  0.2

Action                   || total
-------------------------++-------
Melee: Long sword        ||    31
       Headbutt          ||    14
       Dagger            ||    47
Armor: Scale mail        ||    26
Dodge: Dodged            ||    33
Block: Kite shield       ||    42
       Rpst.: Long sword ||     2
